 Dungeon Crawl Stone Soup version 0.28.0 (webtiles) character file.

Game seed: 14294787846363688295

254 Minsecho the Chopper (level 6, -9/53 HPs)
             Began as a Hill Orc Fighter on Feb 8, 2022.
             Mangled by an ogre (21 damage)
             ... on level 4 of the Dungeon.
             The game lasted 00:04:04 (3317 turns).

Minsecho the Chopper (Hill Orc Fighter)             Turns: 3317, Time: 00:04:05

Health: -9/53      AC:  7    Str: 21    XL:     6   Next: 15%
Magic:  6/6        EV:  9    Int:  8    God:
Gold:   71         SH:  4    Dex: 10    Spells: 5/5 levels left

rFire   . . .      SeeInvis .   a - +0 war axe
rCold   . . .      Faith    .   c - +0 buckler
rNeg    . . .      Spirit   .   b - +0 scale mail
rPois   .          Reflect  .   (no helmet)
rElec   .          Harm     .   (no cloak)
rCorr   .          Rampage  .   (no gloves)
Will    .....                   (no boots)
Stlth   ..........              (no amulet)
HPRegen 0.17/turn               (no ring)
MPRegen 0.10/turn               (no ring)

@: no status effects
A: no striking features
a: no special abilities


You were on level 4 of the Dungeon.
You visited 1 branch of the dungeon, and saw 4 of its levels.

You collected 71 gold pieces.

Inventory:

Hand Weapons
 a - a +0 war axe (weapon)
Missiles
 h - 2 boomerangs (quivered)
Armour
 b - a +0 scale mail (worn)
 c - a +0 buckler (worn)
Jewellery
 e - a ring of fire
 o - a +6 ring of strength
Scrolls
 f - a scroll of immolation {unknown}
 g - a scroll of magic mapping {unknown}
 l - a scroll of fear {unknown}
 m - a scroll of noise {unknown}
 n - a scroll of enchant armour {unknown}
 p - a scroll of brand weapon {unknown}
Potions
 j - a potion of mutation {unknown}
 k - a potion of curing {unknown}


   Skills:
 + Level 4.5 Fighting
 + Level 6.1 Axes
 + Level 0.2 Throwing
 + Level 4.1 Armour
 + Level 1.0 Dodging
 - Level 0.1 Stealth
 + Level 3.8 Shields


You had 5 spell levels left.
You didn't know any spells.
Your spell library contained the following spells:

 Spells                   Type           Power      Damage    Failure   Level
 Summon Small Mammal      Summ           0%         N/A       83%         1
 Call Canine Familiar     Summ           0%         N/A       99%         3
 Summon Guardian Golem    Hex/Summ       0%         N/A       99%         3


Dungeon Overview and Level Annotations

Branches:
Dungeon (4/15)
 Temple: D:4-7

Altars:
Elyvilon
Sif Muna
Xom


Message History

The kobold is severely wounded.
The kobold hits you but does no damage.
You hit the kobold.
You kill the kobold!
Things that are here:
a +0 whip; a kobold corpse You start resting.
HP restored.
(D) Dungeon
Where to? (Enter - D:3 @ (x,y), ? - help)
There is a stone staircase leading down here.
You climb downwards.
There is a stone staircase leading up here.
Found a stone staircase leading up.
A giant cockroach comes into view.
The giant cockroach closely misses you.
You barely miss the giant cockroach. The giant cockroach barely misses you.
You block the giant cockroach's attack.
You slash the giant cockroach!
You kill the giant cockroach!
No target in view!
No target in view!
No target in view!
An ogre comes into view. It is wielding a +0 giant club.
You hit the ogre but do no damage. You block the ogre's attack.
You barely miss the ogre. The ogre closely misses you.
You slash the ogre!
The ogre is heavily wounded.
The ogre hits you with a +0 giant club!
You hit the ogre.
The ogre is heavily wounded.
The ogre hits you with a +0 giant club!
You slash the ogre!
The ogre is almost dead.
The ogre hits you with a +0 giant club!
* * * LOW HITPOINT WARNING * * *
You hit the ogre.
The ogre is almost dead.
The ogre hits you with a +0 giant club!!
You die...

.. ## ... ##.....
...## .#...#
.......##....## ....#
#.......#......## #..#
............... ...#
###............#
#.#####..............#
#.#.##..............#
.......#........@O..#
#....##.....†...##.##
..##.###........## .#
..#...###....#...# ..
##...........#...# ..
#..<..............# .#
##.#.....#.##.#...# #
###.....#....#.....
##...###..........


You could see an ogre.

Vanquished Creatures
  A necrophage (D:2)
  An ogre (D:4)
  3 worms
  3 dart slugs
  9 bats
  11 endoplasms
  2 giant cockroaches
  4 goblins
  2 hobgoblins
  7 quokkas
  6 ball pythons
  3 frilled lizards
  6 kobolds
  6 rats
64 creatures vanquished.

Vanquished Creatures (others)
  22 plants (D:3)
22 creatures vanquished.

Grand Total: 86 creatures vanquished

Notes
Turn   | Place    | Note
-------+----------+-------------------------------------------
     0 | D:1      | Minsecho the Hill Orc Fighter began the quest for the Orb.
     0 | D:1      | Reached XP level 1. HP: 19/19 MP: 1/1
    35 | D:1      | Reached XP level 2. HP: 27/27 MP: 2/2
   436 | D:2      | Reached skill level 3 in Axes
   654 | D:2      | Reached XP level 3. HP: 29/33 MP: 3/3
  1285 | D:2      | Found a faded altar of an unknown god.
  1540 | D:2      | Noticed a necrophage
  1550 | D:2      | Killed a necrophage
  1551 | D:2      | Reached skill level 5 in Axes
  1551 | D:2      | Reached XP level 4. HP: 22/41 MP: 4/4
  1551 | D:2      | Reached XP level 5. HP: 25/47 MP: 5/5
  2313 | D:3      | Found a shimmering altar of Xom.
  2757 | D:3      | Found a white marble altar of Elyvilon.
  2840 | D:4      | Noticed an ogre
  2857 | D:4      | Killed an ogre
  2858 | D:4      | Reached skill level 6 in Axes
  2858 | D:4      | Reached skill level 1 in Dodging
  2858 | D:4      | Reached XP level 6. HP: 24/53 MP: 6/6
  3059 | D:4      | Found a shimmering blue altar of Sif Muna.
  3317 | D:4      | Mangled by an ogre

Illustrated notes

Levels and vault maps discovered:
D:1:      eino_arrival_druids_welcome, layout_rooms, minmay_misc_feat_five,
          chequers_serial_rivers_micro_d
D:2:      layout_basic, basic_ecumenical_altar, corexii_leaking_fountain
D:3:      layout_loops_ring, nicolae_elyvilon_temple_path,
          mainiacjoe_overflow_concentric_impassable, chequers_avenue,
          serial_bayou_lake_a
D:4:      layout_cave_pools, mainiacjoe_overflow_alcove_1, trog_hazing_becter,
          sigmund_army

Skill      XL: |  1  2  3  4  5 |
---------------+----------------+-----
Fighting       | 4 |  4.5
Axes           | 3 5 6 |  6.1
Armour         | 4 |  4.1
Dodging        | 1 |  1.0
Throwing       | |  0.2
Stealth        | |  0.1
Shields        | |  3.8

Action                   |  1- 3 |  4- 6 || total
-------------------------+-------+-------++-------
Melee: War axe           |    88 |    97 ||   185
Throw: Boomerang         |     1 |       ||     1
  Use: Potion            |       |     2 ||     2
Armor: Scale mail        |    42 |    37 ||    79
Dodge: Dodged            |    32 |    44 ||    76
Block: Buckler           |    10 |    26 ||    36
